 Dungeon Crawl Stone Soup version 0.31-a0-1074-g0b22e4e0f1 (webtiles) character file.

Game seed: 664128302108055977

295 BigPumpCobain the Ruffian (level 6, -5/47 HPs)
             Began as a Draconian Shapeshifter on Dec 6, 2023.
             Killed by divine providence
             ... invoked by an orc priest
              (13 damage)
             ... on level 3 of the Dungeon.
             The game lasted 00:03:43 (2217 turns).

BigPumpCobain the Ruffian (Draconian Shapeshifter)  Turns: 2217, Time: 00:03:44

Health: -5/47      AC:  6    Str: 19    XL:     6   Next: 11%
Magic:  6/6        EV: 22    Int: 10    God:
Gold:   116        SH:  0    Dex: 10    Spells: 5/5 levels left

rFire   . .          .
                       - Unarmed
rCold   . . .        (no shield)
rNeg    . . .        (body armour unavailable)
rPois   .            (helmet currently unavailable)
rElec   .            (cloak currently unavailable)
rCorr   .            (gloves currently unavailable)
SInv    .            (boots currently unavailable)
Will    .....        g - amulet of reflection
Stlth   +            h - +5 ring of evasion
HPRegen 0.27/turn    p - +5 ring of evasion
MPRegen 0.10/turn

%: reflection
@: confused, beast-form, hasted, very quick
A: beast (slay +1), AC +6, unfitting armour, cold-blooded
a: Begin Untransformation


You were on level 3 of the Dungeon.
You were a hulking beast.
You visited 1 branch of the dungeon, and saw 3 of its levels.

You collected 116 gold pieces.

Inventory:

Hand Weapons
 a - a +3 quarterstaff of chaos
Armour
 l - a +2 robe of willpower
Jewellery
 g - an amulet of reflection (around neck)
 h - a +5 ring of evasion (left hand)
 m - a ring of protection from fire
 p - a +5 ring of evasion (right hand)
Talismans
 b - a beast talisman
 c - a flux talisman
Scrolls
 d - a scroll of blinking {unknown}
 i - 3 scrolls of identify {unknown}
 n - a scroll of fear {unknown}
 q - a scroll of immolation {unknown}
Potions
 f - a potion of attraction
 j - a potion of might {unknown}
 k - a potion of ambrosia {unknown}
 o - a potion of resistance {unknown}


   Skills:
 - Level 1.1 Fighting
 - Level 1.7 Dodging
 + Level 6.9 Unarmed Combat
 - Level 3.0 Shapeshifting


You had 5 spell levels left.
You didn't know any spells.
Your spell library contained the following spells:

 Spells                   Type           Power      Damage    Failure   Level
 Shock                    Conj/Air       0%         1d3       36%         1
 Swiftness                Air            0%         N/A       75%         3
 Airstrike                Air            0%         2d(0-16)  98%         4


Dungeon Overview and Level Annotations

Branches:
Dungeon (3/15)

Altars:
Zin

Shops:
D:2 (


Innate Abilities, Weirdness & Mutations

You are a hulking beast.
Your limbs bulge with bestial killing power. (Slay +1)
Your plain brown scales are hard. (AC +6)
You cannot fit into any form of body armour.
You are cold-blooded and may be slowed by cold attacks.


Message History

You punch the orc wizard!
Your tail-slap misses the orc wizard.
The orc wizard is almost dead.
The orc wizard gestures at you while chanting.
The magic dart hits you.
The orc priest invokes the aid of Beogh against you.
Beogh smites you!
* * * LOW HITPOINT WARNING * * *
It was a potion of haste.
You feel yourself speed up. The orc hits you with a +0 dagger.
* * * LOW HITPOINT WARNING * * *
The orc wizard completely misses you. The orc priest hits you with a +0 whip.
* * * LOW HITPOINT WARNING * * *
You are too confused!
You hit the orc priest but do no damage.
Your tail-slap misses the orc priest.
You feel less confused.
You punch the orc priest!
Your tail-slap misses the orc priest.
The orc priest is severely wounded.
You block the orc's attack.
The orc wizard points at you and mumbles some strange words.
The puff of flame misses you.
The orc priest looks satisfied for a moment.
You closely miss the orc priest.
The orc priest is severely wounded.
The orc barely misses you.
The orc wizard points at you and mumbles some strange words.
You are confused.
The orc priest completely misses you.
You bump into the rock wall.
You hit the orc.
The orc is almost dead.
The orc closely misses you. The orc priest barely misses you.
You're too confused to move!
You hit the orc wizard.
You kill the orc wizard!
The orc hits you but does no damage. The orc priest misses you.
The orc misses you.
The orc priest mumbles some strange prayers to Beogh against you.
Beogh smites you!
You die...

#.##.###.###.# #.##.#
#.#...# #.##># #.#.###
#.##.# #.#.#
#.##.###.#.# ## #
#......#.#.# [#.
.......#.#.# #.#
###....#.#.# #.#######
###......#.####.hoo...##
.......###.......o.....#
#.#.#.##
#########......# ......#
....... #.#.#.# ......#
.....## ##...## ######
#.## # .# # #


You could see an orc priest and 2 orcs.

Vanquished Creatures
  Sigmund (D:2)
  Crazy Yiuf (D:2)
  An orc wizard (D:3)
  2 adders
  A dart slug (D:1)
  3 orcs (D:3)
  7 ball pythons
  4 endoplasms
  A giant cockroach (D:1)
  6 goblins
  9 hobgoblins
  7 jackals (D:2)
  2 quokkas (D:1)
  6 bats
  3 frilled lizards
  6 kobolds
  A rat (D:1)
61 creatures vanquished.

Notes
Turn   | Place    | Note
-------+----------+-------------------------------------------
     0 | D:1      | BigPumpCobain the Draconian Shapeshifter began the quest
                  | for the Orb.
     0 | D:1      | Reached XP level 1. HP: 16/16 MP: 1/1
   180 | D:1      | Reached XP level 2. HP: 23/23 MP: 2/2
   449 | D:1      | Reached skill level 4 in Unarmed Combat
   678 | D:2      | Found Kowuit's Antique Weapon Emporium.
   791 | D:2      | Reached XP level 3. HP: 28/28 MP: 3/3
   960 | D:2      | Noticed Sigmund
   967 | D:2      | Killed Sigmund
   968 | D:2      | Reached skill level 6 in Unarmed Combat
   968 | D:2      | Reached XP level 4. HP: 35/35 MP: 4/4
   968 | D:2      | Reached XP level 5. HP: 40/40 MP: 5/5
  1140 | D:2      | Found a glowing silver altar of Zin.
  1196 | D:2      | Found a runed translucent door.
  1197 | D:2      | Noticed Crazy Yiuf
  1456 | D:2      | Killed Crazy Yiuf
  1456 | D:2      | HP: 3/60 [poisoned by Crazy Yiuf]
  1457 | D:2      | HP: 1/60 [poisoned by Crazy Yiuf]
  1929 | D:3      | Reached XP level 6. HP: 40/47 MP: 6/6
  2217 | D:3      | Killed from afar by an orc priest

Illustrated notes

Levels and vault maps discovered:
D:1:      minmay_arrival_radiant_lines, layout_loops_cross
D:2:      layout_rooms, basic_altar, serial_co_window_serial,
          co_window_of_opportunity_a, co_window_of_opportunity_a,
          co_window_paths_a, co_window_paths_a, co_window_corner_a,
          co_window_of_opportunity_a, co_window_paths_b, co_window_broadway_c,
          co_window_broadway_c, co_window_2corner, co_window_paths_e,
          glass_columns_b, serial_shops, shop, minmay_surrounded, uniq_sigmund,
          uniq_crazy_yiuf_cottage
D:3:      layout_loops_ring, serial_shops, shop

Skill      XL: |  1  2  3 |
---------------+----------+-----
Unarmed Combat | 4 6 |  6.9
Fighting       | |  1.1
Dodging        | |  1.7
Shapeshifting  | |  3.0

Action                     |  1- 3 |  4- 6 || total
---------------------------+-------+-------++-------
  Melee: Unarmed           |    62 |    81 ||   143
         Tailslap          |     4 |     7 ||    11
         Punch             |     4 |     1 ||     5
    Use: Potion            |     1 |     4 ||     5
 Armour: Skin              |    27 |    23 ||    50
  Dodge: Dodged            |    33 |    64 ||    97
  Block: Other             |     6 |    13 ||    19
         Reflection        |       |     1 ||     1

Table legend: (Time is in decaauts)
 A = Elapsed time spent in this place.
 B = Non-inter-level travel time spent in this place.
 C = Inter-level travel time spent in this place.
 D = Time resting spent in this place.
 E = Time spent auto-exploring this place.
 F = Levels seen in this place.
 G = Mean time per level.
                   A        B        C        D        E       F      G
               +--------+--------+--------+--------+--------+-----+--------+
         Total |   2198 |   2109 |     89 |    172 |   1588 |   3 |  732.7 |
       Dungeon |   2198 |   2109 |     89 |    172 |   1588 |   3 |  732.7 |
               +--------+--------+--------+--------+--------+-----+--------+

Top non-repeatable levels by time:
     D:2: 959 daAuts
     D:1: 674 daAuts
     D:3: 564 daAuts
